 Dungeon Crawl Stone Soup version 0.18-a0-1788-g92de1ac (webtiles) character file.

18 Mefis the Magician (level 2, -5/15 HPs)
             Began as a Deep Elf Wizard on Apr 20, 2016.
             Killed by nerve-wracking pain
             ... invoked by Jessica
              (14 damage)
             ... on level 2 of the Dungeon.
             The game lasted 00:04:55 (797 turns).

Mefis the Magician (Deep Elf Wizard)                 Turns: 797, Time: 00:04:59

Health: -5/15      AC:  2    Str:  4    XL:     2   Next: 48%
Magic:  0/10       EV: 12    Int: 22    God:
Gold:   83         SH:  0    Dex: 13    Spells: 5 memorised, 2 levels left

rFire  . . .     SeeInvis .     k - +0 hunting sling
rCold  . . .     Gourm    .     i - +0 robe
rNeg   . . .     Faith    .     (no shield)
rPois  .         Spirit   .     b - +0 hat
rElec  .         Dismiss  .     (no cloak)
rCorr  .         Reflect  .     (no gloves)
SustAt .         Harm     .     (no boots)
MR     .....                    (no amulet)
Stlth  ++........               (no ring)
                                (no ring)

@: very slightly contaminated, repel missiles, not resistant to hostile
enchantments, unstealthy
A: no striking features
a: no special abilities


You were on level 2 of the Dungeon.
You were not hungry.

You visited 1 branch of the dungeon, and saw 2 of its levels.

You collected 83 gold pieces.

Inventory:

Hand Weapons
 a - a +0 spear
 g - a +0 short sword
 k - a +0 hunting sling (weapon)
Missiles
 m - 13 stones (quivered)
Armour
 b - a +0 hat (worn)
 i - a +0 robe (worn)
Jewellery
 e - an uncursed ring of poison resistance {unknown}
Scrolls
 f - a scroll of recharging {unknown}
 h - a scroll of fear {unknown}
 j - a scroll of enchant armour {unknown}
 l - a scroll of noise
Potions
 n - 2 potions of ambrosia {unknown}
Books
 c - a book of Minor Magic

   Spells                             Type                      Level
   a - Magic Dart                     Conjuration                  1
   b - Blink                          Translocation                2
   c - Call Imp                       Summoning                    2
   d - Repel Missiles                 Charms/Air                   2
   e - Slow                           Hexes                        2
   f - Conjure Flame                  Conjuration/Fire             3
   g - Mephitic Cloud                 Conjuration/Poison/Air       3
Comestibles
 d - a bread ration


   Skills:
 + Level 2.5 Dodging
 + Level 2.4 Stealth
 + Level 5.2 Spellcasting
 + Level 1.4 Conjurations
 + Level 1.2 Summonings
 + Level 1.1 Translocations


You had 2 spell levels left.
You knew the following spells:

 Your Spells              Type           Power        Failure   Level  Hunger
a - Magic Dart            Conj           ##..         8%          1    None
b - Call Imp              Summ           ##......     10%         2    None
c - Slow                  Hex            #.......     17%         2    None
d - Blink                 Tloc           N/A          12%         2    None
e - Repel Missiles        Chrm/Air       #.....       17%         2    None


Dungeon Overview and Level Annotations

Branches:
Dungeon (2/15)

Altars:
Dithmenos

Annotations:
D:2 Jessica


Message History

Aim: Jessica, wearing a robe (fast)
Okay, then.
Firing (i - inventory):
m - 15 stones (quivered)
Press: ? - help, Shift-Dir - straight line, f/p - Jessica
Aim: Jessica, wearing a robe (fast)
You shoot a stone. The stone hits Jessica.
Jessica is lightly wounded.
Your crimson imp blinks!
Your white imp closely misses Jessica.
Your white imp hits Jessica but does no damage.
Firing (i - inventory):
m - 14 stones (quivered)
Press: ? - help, Shift-Dir - straight line, f/p - Jessica
Aim: Jessica, wearing a robe (lightly wounded, fast)
You shoot a stone.
The stone hits Jessica but does no damage.
Jessica is lightly wounded.
Jessica casts a spell at you. Pain shoots through your body!
Ouch! That really hurt!
You die...

####### #.....#
##.!...# ###
.####......#...
............#.#(.
..###..r@)......#
......#.......##
...?.....5...##
##...@...####
#....5.....#
...§§.(##.##...#
#.§§§..)#<## #..#
#._§§..5(..## ..
#......#....#


You could see Jessica, a rat, a friendly crimson imp and a friendly white imp.

Vanquished Creatures
  An adder (D:2)
  2 giant cockroaches (D:1)
  3 goblins (D:1)
  A hobgoblin (D:1)
  3 kobolds (D:1)
  A giant newt (D:1)
  A rat (D:1)
12 creatures vanquished.

Vanquished Creatures (collateral kills)
  A goblin (D:2)
1 creature vanquished.

Grand Total: 13 creatures vanquished

Notes
Turn   | Place    | Note
--------------------------------------------------------------
     0 | D:1      | Mefis the Deep Elf Wizard began the quest for the Orb.
     0 | D:1      | Reached XP level 1. HP: 10/10 MP: 7/7
   314 | D:1      | Reached skill level 5 in Spellcasting
   549 | D:1      | Reached XP level 2. HP: 15/15 MP: 6/10
   553 | D:1      | Learned a level 2 spell: Call Imp
   556 | D:1      | Learned a level 2 spell: Slow
   559 | D:1      | Learned a level 2 spell: Blink
   562 | D:1      | Learned a level 2 spell: Repel Missiles
   773 | D:2      | Found a shadowy altar of Dithmenos.
   773 | D:2      | Found a faded altar to an unknown god.
   773 | D:2      | Noticed Jessica
   797 | D:2      | Killed from afar by Jessica

Vault maps used:
D:1:      lemuel_arrival_room
D:2:      grunt_dithmenos_smoke, ecumenical_altar_2, uniq_jessica

Skill      XL: |  1 |
---------------+----+-----
Spellcasting   | 5 |  5.2
Dodging        | |  2.5
Stealth        | |  2.4
Conjurations   | |  1.4
Summonings     | |  1.2
Translocations | |  1.1

Action                   || total
-------------------------++-------
Melee: Short sword       ||     7
 Fire: Hunting sling     ||     4
 Cast: Magic Dart        ||    20
       Call Imp          ||     3
       Slow              ||     1
       Repel Missiles    ||     1
  Use: Scroll            ||     1
 Stab: Sleeping          ||     1
Armor: Robe              ||     3
Dodge: Dodged            ||     4
